 Dungeon Crawl Stone Soup version 0.20.1-1-g8b1a95d (webtiles) character file.

1729 jmlagarto the Basher (level 8, -6/70 HPs)
             Began as a Minotaur Fighter on Aug 13, 2017.
             Was a Follower of Makhleb.
             Mangled by polve's ghost (11 damage)
             ... on level 7 of the Dungeon.
             The game lasted 00:17:11 (6482 turns).

jmlagarto the Basher (Minotaur Fighter)             Turns: 6482, Time: 00:17:12

Health: -6/70      AC:  8    Str: 22    XL:     8   Next: 76%
Magic:  7/7        EV: 10    Int:  5    God:    Makhleb [*.....]
Gold:   339        SH: 10    Dex:  9    Spells: 7/7 levels left

rFire    + . .     SeeInvis .   a - +0 flail
rCold    . . .     Gourm    .   c - +0 shield
rNeg     . . .     Faith    .   u - +2 ring mail {rF+}
rPois    .         Spirit   .   (helmet restricted)
rElec    .         Reflect  .   l - +0 cloak
rCorr    .         Harm     .   m - +0 pair of gloves
MR       .....                  (no boots)
Stlth    +.........             (no amulet)
Regen    0.3/turn               (no ring)
MPRegen  0.1/turn               (no ring)

@: no status effects
A: retaliatory headbutt, horns 2, clumsy 1, deformed body, wild magic 1
a: Renounce Religion


You were on level 7 of the Dungeon.
You worshipped Makhleb.
Makhleb was aware of your devotion.
You were completely stuffed.

You visited 1 branch of the dungeon, and saw 8 of its levels.

You collected 339 gold pieces.

Inventory:

Hand Weapons
 a - a +0 flail (weapon)
 g - a +1 dire flail of protection
 B - a +0 shortbow
Armour
 b - a +0 scale mail
 c - a +0 shield (worn)
 l - a +0 cloak (worn)
 m - a +0 pair of gloves (worn)
 u - a +2 ring mail of fire resistance (worn)
Jewellery
 t - an uncursed ring of positive energy {unknown}
 D - an uncursed ring of protection from magic {unknown}
Wands
 z - a wand of flame (0/48)
Scrolls
 d - a scroll of identify {unknown}
 e - a scroll of enchant weapon {unknown}
 h - 4 scrolls of recharging
 n - 2 scrolls of fog
 p - a scroll of remove curse
 s - 5 scrolls of teleportation
 v - a scroll of noise {unknown}
 x - 2 scrolls of blinking {unknown}
 y - a scroll of fear {unknown}
 E - a scroll of enchant armour {unknown}
Potions
 k - a potion of heal wounds
 o - a potion of agility {unknown}
 r - a potion of brilliance {unknown}
 w - 4 potions of curing {unknown}
 A - a potion of cancellation {unknown}
 C - a potion of invisibility {unknown}
Comestibles
 f - 7 bread rations
 i - 7 fruits
 q - 2 royal jellies


   Skills:
 + Level 6.1 Fighting
 + Level 8.3 Maces & Flails
 + Level 6.5 Armour
 + Level 3.8 Dodging
 + Level 1.2 Stealth
 + Level 6.9 Shields
 + Level 1.0 Evocations


You had 7 spell levels left.
You didn't know any spells.

Dungeon Overview and Level Annotations

Branches:
Dungeon (8/15)
 Temple: D:4-7         Lair: D:8-11

Altars:
Fedhas
Gozag
Makhleb
Sif Muna
Vehumet
Zin

Annotations:
D:7 polve's ghost, novice TrFi


Innate Abilities, Weirdness & Mutations

You reflexively headbutt those who attack you in melee.
You have a pair of horns on your head.
You are clumsy. (Dex -2)
Armour fits poorly on your strangely shaped body.
Your spells are a little harder to cast, but a little more powerful.


Message History

Your Evocations skill increases to level 1!
Polve's ghost barely misses you. You furiously retaliate!
You headbutt polve's ghost, but do no damage.
You hear the quick hiss of a distant avalanche of sand.
Found a flail.
You closely miss polve's ghost.
Polve's ghost is moderately damaged.
Polve's ghost barely misses you. You furiously retaliate!
You headbutt polve's ghost! You hit polve's ghost.
Polve's ghost is moderately damaged.
You block polve's ghost's attack.
You barely miss polve's ghost. Your headbutt misses polve's ghost.
Polve's ghost is moderately damaged.
Polve's ghost hits you!!
* * * LOW HITPOINT WARNING * * *
A howler monkey skeleton comes into view.
You block the howler monkey skeleton's attack.
Polve's ghost hits you!
You die...

####### #..# ##....<
##...^.#####.## #.....
#.......##...# ##....
.........#.### #..#.
.........#.# .....
.........#.# #### .###.
...).....#)# #..#### ..
...........#####Z....###
#
...............W@.......
#
..........#####..####)##
_........## #..#
.........# #...#
.........# ##..#
.........####......
#.............##....
##............##.#..#
####.........#


You could see polve's ghost and a howler monkey skeleton.

Vanquished Creatures
  Edmund (D:5)
  Duvessa (D:8)
  A sky beast (D:5)
  A phantom (D:4)
  2 ogres (D:5)
  2 centaurs
  2 bullfrogs
  Blork the orc (D:6)
  A scorpion (D:4)
  Dowan (D:7)
  A howler monkey (D:4)
  A crimson imp (D:5)
  2 bullfrog zombies
  A hound (D:4)
  2 jellies
  A centaur skeleton (D:6)
  An orc priest (D:7)
  5 worker ants
  An iguana (D:5)
  3 orc wizards
  A hound skeleton (D:7)
  Robin (D:2)
  7 adders
  2 shadow imps
  An ooze (D:1)
  3 adder zombies
  2 worms
  A dart slug (D:1)
  3 leopard geckos
  6 orcs
  2 ball pythons (D:2)
  3 giant cockroaches
  13 goblins
  7 hobgoblins
  6 jackals
  5 quokkas
  6 bats
  3 frilled lizards
  5 kobolds
  A quokka skeleton (D:6)
  18 rats
127 creatures vanquished.

Notes
Turn   | Place    | Note
-------+----------+-------------------------------------------
     0 | D:1      | jmlagarto the Minotaur Fighter began the quest for the Orb.
     0 | D:1      | Reached XP level 1. HP: 19/19 MP: 0/0
   115 | D:1      | Reached XP level 2. HP: 27/27 MP: 1/1
   325 | D:1      | Reached XP level 3. HP: 28/33 MP: 2/2
   843 | D:2      | Found a deep blue altar of Sif Muna.
   885 | D:2      | Noticed Robin
   907 | D:2      | Killed Robin
   907 | D:2      | Reached skill level 3 in Maces & Flails
   907 | D:2      | Reached XP level 4. HP: 16/40 MP: 3/3
  1297 | D:2      | Found a blossoming altar of Fedhas.
  1334 | D:2      | Found an opulent altar of Gozag.
  1467 | D:2      | Found a burning altar of Makhleb.
  1471 | D:2      | Became a worshipper of Makhleb the Destroyer
  1617 | D:2      | Reached skill level 1 in Dodging
  2552 | D:4      | Noticed a phantom
  2592 | D:4      | Killed a phantom
  2592 | D:4      | Reached skill level 4 in Maces & Flails
  2592 | D:4      | Reached skill level 5 in Armour
  2592 | D:4      | Reached XP level 5. HP: 20/47 MP: 4/4
  2992 | D:4      | Reached XP level 6. HP: 38/53 MP: 5/5
  3190 | D:4      | Found a radiant altar of Vehumet.
  3206 | D:4      | Reached skill level 5 in Maces & Flails
  3206 | D:4      | Reached skill level 5 in Shields
  3833 | D:5      | Entered Level 5 of the Dungeon
  3903 | D:5      | Noticed a sky beast
  3918 | D:5      | Killed a sky beast
  3943 | D:5      | Reached XP level 7. HP: 46/60 MP: 6/6
  4050 | D:5      | Noticed Edmund
  4075 | D:5      | Killed Edmund
  4075 | D:5      | Reached skill level 6 in Maces & Flails
  4078 | D:5      | Reached * piety under Makhleb
  4081 | D:5      | Reached skill level 5 in Fighting
  4468 | D:5      | Reached skill level 7 in Maces & Flails
  4615 | D:5      | Found a glowing silver altar of Zin.
  4824 | D:6      | Noticed Blork the orc
  4830 | D:6      | Reached XP level 8. HP: 49/68 MP: 7/7
  4840 | D:6      | Killed Blork the orc
  4840 | D:6      | Reached skill level 1 in Stealth
  5922 | D:7      | Noticed Dowan
  5925 | D:7      | Noticed Duvessa
  5932 | D:7      | Killed Dowan
  5932 | D:7      | Reached skill level 8 in Maces & Flails
  5939 | D:7      | Gained mutation: Armour fits poorly on your strangely shaped body. [potion of mutation]
  5939 | D:7      | Gained mutation: You are clumsy. (Dex -2) [potion of mutation]
  5939 | D:7      | Gained mutation: Your spells are a little harder to cast, but a little more powerful. [potion of mutation]
  5965 | D:8      | Killed Duvessa
  6390 | D:7      | Found a burning altar of Makhleb.
  6448 | D:7      | Noticed polve's ghost (novice TrFi)
  6458 | D:7      | Reached skill level 1 in Evocations
  6482 | D:7      | Mangled by polve's ghost

Skill      XL: |  1  2  3  4  5  6  7  8 |
---------------+-------------------------+-----
Armour         | 4 5 6 |  6.5
Fighting       | 4 5 6 |  6.1
Shields        | 4 5 6 |  6.9
Maces & Flails | 3 4 5 7 8 |  8.3
Dodging        | 1 2 3 |  3.8
Stealth        | 1 |  1.2
Evocations     | 1 |  1.0

Action                   |  1- 3 |  4- 6 |  7- 9 || total
-------------------------+-------+-------+-------++-------
Melee: Flail             |   117 |   124 |   161 ||   402
       Headbutt          |     6 |    17 |    17 ||    40
Evoke: Wand              |       |       |     5 ||     5
  Use: Potion            |     1 |       |     5 ||     6
       Scroll            |       |     4 |       ||     4
  Eat: Chunk             |       |     4 |       ||     4
       Meat ration       |       |     1 |     3 ||     4
       Bread ration      |       |       |     1 ||     1
Armor: Scale mail        |   109 |    21 |       ||   130
       Ring mail         |       |    36 |    37 ||    73
       Skin              |       |       |    13 ||    13
Dodge: Dodged            |    48 |    45 |    55 ||   148
Block: Shield            |   102 |    65 |    95 ||   262
